 Dungeon Crawl Stone Soup version 0.14.0-24-gfb45beb (webtiles) character file.

77 Duskembrace the Sneak (level 3, 0/18 HPs)
             Began as a Spriggan Assassin on Apr 22, 2014.
             Slain by a gnoll
             ... wielding a cursed -1,+0 spear
              (7 damage)
             ... on Level 2 of the Dungeon.
             The game lasted 00:05:18 (1598 turns).

Duskembrace the Sneak (Spriggan Assassin)           Turns: 1598, Time: 00:05:19

HP   0/18        AC  3     Str  7      XL: 3   Next: 57%
MP  15/15        EV 21     Int 12      God:
Gold 26          SH  0     Dex 18      Spells:  0 memorised,  2 levels left

rFire  . . .     SeeInvis +     a - +2 dagger
rCold  . . .     Clarity  .     c - +0 robe
rNeg   . . .     Conserve .     (shield restricted)
rPois  .         rCorr    .     (helmet restricted)
rElec  .         rRot     .     d - +0 cloak
SustAb . .       Spirit   .     (gloves unavailable)
rMut   .         Warding  .     (boots unavailable)
Saprov . . .     Stasis   .     (no amulet)
MR     .....                    (no ring)
                                m - ring of magical power

@: very quick, not resistant to hostile enchantments, quite stealthy
A: unfitting armour, see invisible, herbivore 3, speed 3, slow metabolism 2
a: no special abilities


You were on level 2 of the Dungeon.
You were not hungry.

You visited 1 branch of the dungeon, and saw 2 of its levels.

You collected 26 gold pieces.

Inventory:

Hand weapons
 a - a +2,+2 dagger (weapon)
 b - a +0 blowgun
 i - a +1,+2 short sword
 o - a +1,+2 dagger
Missiles
 e - 8 poisoned needles
 f - 2 curare-tipped needles
 p - 22 darts of frost (quivered)
Armour
 c - a +0 robe (worn)
 d - a +0 cloak (worn)
Scrolls
 h - a scroll of enchant weapon II {unknown}
 j - a scroll of enchant weapon I {unknown}
 k - a scroll of identify {unknown}
 l - 2 scrolls of remove curse {unknown}
Jewellery
 m - a ring of magical power (left hand)
 r - an uncursed ring of sustain abilities {unknown}
Potions
 g - a potion of porridge
 n - 2 potions of cure mutation {unknown}
 q - a potion of haste {unknown}


   Skills:
 - Level 1.5 Fighting
 - Level 2.1 Short Blades
 - Level 2.1 Throwing
 + Level 5.2 Dodging
 - Level 5.8 Stealth


You had 2 spell levels left.
You didn't know any spells.

Dungeon Overview and Level Annotations

Branches:
Dungeon (2/15)

Altars:
Dithmenos
Xom
Zin


Innate Abilities, Weirdness & Mutations

You are tiny and cannot use many weapons and most armour.
You have supernaturally acute eyesight.
You are a herbivore.
You cover ground extremely quickly.
You need consume almost no food.


Message History

The giant cockroach closely misses you.
You hit the giant cockroach but do no damage.
The giant cockroach completely misses you.
You barely miss the giant cockroach.
The giant cockroach completely misses you.
You barely miss the giant cockroach. The giant cockroach closely misses you.
You hit the giant cockroach.
The giant cockroach is heavily wounded.
The giant cockroach barely misses you.
You closely miss the giant cockroach.
The giant cockroach is heavily wounded.
The giant cockroach misses you.
You hit the giant cockroach but do no damage.
The giant cockroach is heavily wounded.
The giant cockroach misses you.
You hit the giant cockroach.
The giant cockroach is severely wounded.
The giant cockroach misses you.
The gnoll hits you from afar with a spear!
You die...

. ... #### #+###.... #...
#........ #.## #...g..).
#>#. #.....#'# #<#.
#.....#g# #.#.
##.#####.########.#.
#####..@s.#.........#.#.
#...#..##........##.#.#.
#...#.g##......<........
##...#..##..........._...
#....'..##.........#####.
#....##.##.........#A..#.
#.#####)##.........#...#.
#.# #.##...?.....#...#.
#.#####.#########$.#####.


You could see a gnoll and a giant cockroach.

Vanquished Creatures
  2 gnolls (D:2)
  7 goblins
  4 hobgoblins
  2 jackals (D:1)
  4 kobolds (D:1)
  4 bats
  4 giant cockroaches (D:1)
  A giant gecko (D:1)
  2 giant newts (D:1)
  A rat (D:2)
31 creatures vanquished.

Notes
Turn   | Place    | Note
--------------------------------------------------------------
     0 | D:1      | Duskembrace, the Spriggan Assassin, began the quest for the Orb.
     0 | D:1      | Reached XP level 1. HP: 10/10 MP: 2/2
   422 | D:1      | Reached XP level 2. HP: 9/14 MP: 4/4
  1124 | D:2      | Found a shimmering altar of Xom.
  1124 | D:2      | Noticed an angel
  1467 | D:2      | Reached XP level 3. HP: 18/18 MP: 6/6
  1479 | D:2      | Found a glowing silver altar of Zin.
  1549 | D:2      | Found a shadowy altar of Dithmenos.
  1558 | D:2      | Reached skill level 5 in Dodging
  1598 | D:2      | Slain by a gnoll

Action                   || total
-------------------------++-------
Melee: Dagger            ||   129
 Stab: Sleeping          ||     4
       Distracted        ||     2
